 Dungeon Crawl Stone Soup version 0.27.0-1-g7a089689b8 (webtiles) character file.

Game seed: 12026763229387956411

82527 SnakkuSnakku7 the Marksminotaur (level 15, -5/126 HPs)
             Began as a Minotaur Monk on Aug 11, 2021.
             Was the Champion of Okawaru.
             Killed from afar by a fire giant (13 damage)
             ... with a fireball
             ... on level 2 of the Depths.
             The game lasted 00:30:07 (18490 turns).

SnakkuSnakku7 the Marksminotaur (Minotaur Monk)    Turns: 18490, Time: 00:30:07

Health: -5/126     AC: 25    Str: 21    XL:     15   Next: 29%
Magic:  18/18      EV:  8    Int:  7    God:    Okawaru [******]
Gold:   1047       SH:  0    Dex: 17    Spells: 14/14 levels left

rFire    + . .     SeeInvis +   a - +8 longbow "Zephyr" {speed, Dex+3 SInv}
rCold    . . .     Faith    +   (shield currently unavailable)
rNeg     . . .     Spirit   .   v - +3 plate armour {Will+}
rPois    .         Reflect  .   (helmet restricted)
rElec    .         Harm     .   (no cloak)
rCorr    .         Rampage  .   A - +2 pair of gloves
Will     ++...                  N - +1 pair of boots {Stlth+}
Stlth    ..........             J - amulet of faith
HPRegen  0.31/turn              u - +4 ring of protection
MPRegen  0.16/turn              H - ring of protection from fire

@: studying Unarmed Combat
A: horns 2, retaliatory headbutt
a: Renounce Religion, Heroism, Finesse


You were on level 2 of the Depths.
You worshipped Okawaru.
Okawaru was exalted by your worship.
You visited 3 branches of the dungeon, and saw 18 of its levels.
You also visited: Sewer and Ice Cave.

You collected 1506 gold pieces.
You spent 459 gold pieces at shops.

Inventory:

Hand Weapons
 a - the +8 longbow "Zephyr" (weapon) {speed, Dex+3 SInv}
   (You found it on level 10 of the Dungeon)

   Attacks with this weapon are significantly faster.
   Dex:       It affects your dexterity (+3).
   SInv:      It lets you see invisible.
 b - the +12 dire flail "Tuxa" {antimagic, rC+}
   (Okawaru gifted it to you on level 8 of the Dungeon)

   It reduces the magical energy of the wielder, and disrupts the spells and
   magical abilities of those it strikes.
   Natural abilities and divine invocations are not affected.
   rC:        It protects you from cold.
Missiles
 d - a throwing net
 n - 11 curare-tipped darts
 L - 253 arrows (quivered ammo)
Armour
 v - a +3 plate armour of willpower (worn)
 A - a +2 pair of gloves (worn)
 N - a +1 pair of boots of stealth (worn)
Jewellery
 p - a ring of ice
 q - a ring of poison resistance
 u - a +4 ring of protection (left hand)
 H - a ring of protection from fire (right hand)
 J - an amulet of faith (around neck)
 O - a ring of see invisible
 P - a ring of protection from fire
Wands
 k - a wand of flame (34)
 x - a wand of paralysis (24)
 I - a wand of charming (11)
 M - a wand of polymorph (7)
Scrolls
 f - a scroll of summoning
 h - 2 scrolls of immolation
 i - 3 scrolls of magic mapping
 m - 3 scrolls of fear
 o - a scroll of blinking
 w - 2 scrolls of fog
 y - 6 scrolls of identify
 z - a scroll of silence
 D - 2 scrolls of teleportation
 E - 2 scrolls of holy word
 K - a scroll of enchant weapon
Potions
 e - 2 potions of heal wounds
 g - a potion of magic
 j - 2 potions of attraction
 l - 3 potions of might
 r - 5 potions of mutation
 s - 4 potions of lignification
 C - 2 potions of haste
 F - 5 potions of curing
 G - 4 potions of flight
Miscellaneous
 c - a condenser vane
 B - a phial of floods


   Skills:
 + Level 9.9 Fighting
 - Level 14.2 Maces & Flails
 - Level 20.0 Bows
 - Level 6.7 Armour
 - Level 3.2 Dodging
 - Level 1.5 Stealth
 - Level 10.0 Shields
 - Level 6.0 Invocations
 - Level 5.3 Evocations


You had 14 spell levels left.
You didn't know any spells.
Your spell library contained the following spells:

 Spells                   Type           Power      Damage    Failure   Level
 Foxfire                  Conj/Fire      0%         2x1d4     100%        1
 Freeze                   Ice            0%         1d3       100%        1
 Static Discharge         Conj/Air       0%         N/A       100%        2
 Conjure Flame            Conj/Fire      0%         6-21      100%        3
 Frozen Ramparts          Ice            0%         1d2       100%        3
 Gell's Gravitas          Tloc           0%         N/A       100%        3
 Inner Flame              Hex/Fire       0%         N/A       100%        3
 Lesser Beckoning         Tloc           0%         N/A       100%        3
 Teleport Other           Tloc           0%         N/A       100%        3
 Dispel Undead            Necr           0%         3d6       100%        4
 Hailstorm                Conj/Ice       0%         3d3       100%        4
 Sticky Flame             Conj/Fire      0%         2d3       100%        4
 Lightning Bolt           Conj/Air       0%         1d11      100%        5
 Maxwell's Capacitive Co  Air            0%         ∞         100%        8


Dungeon Overview and Level Annotations

Branches:
Dungeon (15/15)            Temple (1/1) D:5            Lair (0/6) D:8
    Orc (0/2) D:9          Vaults (0/5) D:14         Depths (2/5) D:15
  Sewer (visited)           IceCv (visited)

Altars:
Ashenzari
Cheibriados
Dithmenos
Elyvilon
Fedhas
Gozag
Kikubaaqudgha
Makhleb
Nemelex Xobeh
Okawaru
Qazlal
Ru
Sif Muna
Vehumet
Wu Jian
Xom
Yredelemnul

Shops:
D:12 *   D:14 *

Portals:
Hell: Depths:1
Abyss: Depths:1

Annotations:
D:7 3 runed translucent doors, ZARRMARR's ghost, novice TrHu
D:13 Rupert
Depths:1 the Enchantress


Innate Abilities, Weirdness & Mutations

You have a pair of horns on your head.
You reflexively headbutt those who attack you in melee.


Message History

You shoot an arrow. The arrow hits the fire dragon!!
The fire dragon is almost dead.
Unknown command.
The fire dragon bites you but does no damage.
The fire dragon claws you but does no damage.
The fire dragon tramples you!
You stumble backwards!
You stop ascending the stairs.
Fire: 256 arrows
Press: ? - help, Q - select action, (/) - cycle Shift-Dir - straight line, f/p - fire dragon
Aim: a fire dragon (almost dead, 80% to hit)
You shoot an arrow. The arrow hits the fire dragon.
The fire dragon is almost dead.
Unknown command.
Fire: 255 arrows
Press: ? - help, Q - select action, (/) - cycle Shift-Dir - straight line, f/p - fire dragon
Aim: a fire dragon (almost dead, 80% to hit)
You shoot an arrow. The arrow hits the fire dragon!
The fire dragon is almost dead.
The fire dragon completely misses you.
The fire dragon claws you but does no damage.
The fire dragon tramples you.
You stumble backwards!
Fire: 254 arrows
Press: ? - help, Q - select action, (/) - cycle Shift-Dir - straight line, f/p - fire dragon
Aim: a fire dragon (almost dead, 80% to hit)
You shoot an arrow. The arrow hits the fire dragon!!
You kill the fire dragon!
Okawaru accepts your kill. The fire giant casts a spell at you.
The bolt of fire hits you!! You resist.
* * * LOW HITPOINT WARNING * * *
The fire giant casts a spell at you.
The fireball explodes!
The fireball engulfs you!! You resist.
* * * LOW HITPOINT WARNING * * *
You hear a deafening roar!
You hear a hideous shriek! x2
You see here an arrow.
There is a stone staircase leading up, spattered with blood here.
You see here an arrow.
The fire giant casts a spell at you.
The fireball explodes!
The fireball engulfs you! You resist.
You die...

#.....#
#.:...#
#.....#
#.....#
#....C#
#.....+
#(....#
#.(..(#
#..()@#
#....(.#
#....(..#
#...(.....
#......##..
#......#
###
#......#
#....(.#


You could see a fire giant.

Vanquished Creatures
  Bai Suzhen (Depths:1)
  A lich (Depths:1)
  2 fire giants (Depths:1)
  2 frost giants (Depths:1)
  10 very ugly things
  2 spriggan defenders (Depths:1)
  2 stone giants
  A fire dragon (Depths:2)
  An ettin (Depths:2)
  A boulder beetle (D:15)
  2 great orbs of eyes (Depths:1)
  A vault guard (D:14)
  2 rakshasas (Depths:1)
  2 hydras
  A spriggan air mage (D:15)
  2 centaur warriors (D:14)
  A deep troll shaman (Depths:1)
  6 two-headed ogres
  4 tengu warriors
  A deep troll earth mage (Depths:1)
  A vampire mage (D:15)
  A fire crab (D:14)
  A flayed ghost (D:13)
  2 iron trolls (Depths:1)
  6 deep trolls (Depths:1)
  3 skeletal warriors
  An obsidian statue (D:10)
  A swamp dragon (shapeshifter) (D:14)
  A tengu zombie (D:15)
  An orc knight (D:15)
  A wizard (D:14)
  A necromancer (D:15)
  A deep elf pyromancer (D:14)
  A cyclops (D:11)
  18 ugly things
  3 manticores
  11 slime creatures (D:12)
  4 ice statues
  A spriggan zombie (D:15)
  4 gargoyles
  2 efreet (D:13)
  A komodo dragon (D:8)
  2 freezing wraiths
  2 kobold demonologists
  A spriggan skeleton (D:15)
  An entropy weaver simulacrum (IceCv)
  A tengu conjurer (D:14)
  A guardian mummy (D:13)
  3 meliai (D:15)
  3 hornets
  2 trolls
  Prince Ribbit (D:5)
  Grinder (D:5)
  A vampire (D:9)
  A deep troll skeleton (D:15)
  5 redbacks (D:15)
  3 steam dragons
  2 wyverns (D:8)
  17 yaks
  2 wraiths
  7 vampire mosquitoes
  A death yak simulacrum (IceCv)
  A harpy simulacrum (IceCv)
  A warg (shapeshifter) (D:8)
  3 wargs (D:9)
  2 acid dragons
  7 water moccasins
  3 sky beasts
  3 ice beasts
  3 black bears
  6 orc warriors
  An ogre (D:4)
  2 necrophages
  10 centaurs
  A phantom (D:4)
  2 kobold brigands
  A gnoll sergeant (D:10)
  A wyvern zombie (D:9)
  7 bullfrogs
  5 scorpions
  A cane toad simulacrum (IceCv)
  A water moccasin skeleton (D:7)
  An elephant simulacrum (IceCv)
  A killer bee (D:8)
  10 wights
  12 howler monkeys
  6 centaur zombies
  3 centaur skeletons
  3 hounds
  3 orc priests
  2 jellies (D:4)
  2 bullfrog skeletons
  A gnoll shaman (D:7)
  4 iguanas
  Terence (D:3)
  8 orc wizards
  2 polar bear simulacra (IceCv)
  2 howler monkey zombies
  A howler monkey skeleton (D:5)
  12 gnolls
  15 adders
  2 river rats (D:5)
  2 white imps
  An ufetubus (D:4)
  2 worms
  A dart slug (D:2)
  37 orcs
  8 endoplasms
  10 giant cockroaches
  7 goblins
  2 hobgoblins
  10 jackals
  4 kobolds
  A quokka (Sewer)
  11 ball pythons
  5 bats
  5 frilled lizards
  6 rats
432 creatures vanquished.

Vanquished Creatures (others)
  34 fungi (D:8)
  54 plants
  4 withered plants (D:15)
92 creatures vanquished.

Grand Total: 524 creatures vanquished

Notes
Turn   | Place    | Note
-------+----------+-------------------------------------------
     0 | D:1      | SnakkuSnakku7 the Minotaur Monk began the quest for the
                  | Orb.
     0 | D:1      | Reached XP level 1. HP: 19/19 MP: 0/0
    51 | D:1      | Found a faded altar of an unknown god.
   142 | D:1      | Reached XP level 2. HP: 27/27 MP: 1/1
   622 | D:1      | Reached XP level 3. HP: 27/35 MP: 2/2
   843 | D:2      | Reached skill level 5 in Fighting
  1071 | D:2      | Reached XP level 4. HP: 21/44 MP: 3/3
  1520 | D:3      | Reached XP level 5. HP: 33/51 MP: 4/4
  1687 | D:3      | Noticed Terence
  1694 | D:3      | Killed Terence
  2471 | D:4      | Noticed a phantom
  2482 | D:4      | Killed a phantom
  2483 | D:4      | Reached skill level 1 in Armour
  2483 | D:4      | Reached XP level 6. HP: 45/61 MP: 5/5
  2524 | D:4      | HP: 2/61 [orc priest/divine providence (13)]
  3221 | D:4      | Reached skill level 5 in Armour
  3221 | D:4      | Reached XP level 7. HP: 28/68 MP: 6/6
  4155 | D:5      | Entered Level 5 of the Dungeon
  4215 | D:5      | Found a staircase to the Ecumenical Temple.
  4230 | Temple   | Entered the Ecumenical Temple
  4257 | Temple   | Became a worshipper of Warmaster Okawaru
  4257 | Temple   | Reached * piety under Okawaru
  4257 | Temple   | Reached ** piety under Okawaru
  4298 | D:5      | Reached skill level 1 in Invocations
  4344 | D:5      | Noticed Prince Ribbit
  4348 | D:5      | Killed Prince Ribbit
  4353 | D:5      | Reached XP level 8. HP: 68/74 MP: 6/9
  4374 | D:5      | Noticed Grinder
  4388 | D:5      | Paralysed by Grinder for 2 turns
  4399 | D:5      | Killed Grinder
  4643 | D:5      | Reached skill level 5 in Maces & Flails
  4671 | D:5      | Found a glowing drain.
  4675 | Sewer    | Entered a sewer
  4748 | Sewer    | Reached *** piety under Okawaru
  5126 | D:5      | Found a white marble altar of Elyvilon.
  5419 | D:6      | Reached XP level 9. HP: 58/81 MP: 10/10
  5450 | D:6      | Paralysed by a hornet for 3 turns
  5455 | D:6      | HP: 3/81 [hornet (10)]
  5887 | D:6      | Reached **** piety under Okawaru
  6415 | D:7      | Reached skill level 10 in Maces & Flails
  6525 | D:7      | Found a runed translucent gate.
  6527 | D:7      | Found a runed translucent gate.
  6530 | D:7      | Found a runed translucent gate.
  6530 | D:7      | Found an opulent altar of Gozag.
  6530 | D:7      | Noticed a boulder beetle
  6544 | D:7      | Reached skill level 5 in Shields
  6555 | D:7      | Noticed a white ugly thing
  6555 | D:7      | Noticed a centaur warrior
  6555 | D:7      | Noticed ZARRMARR's ghost (novice TrHu)
  7533 | D:8      | Reached ***** piety under Okawaru
  7542 | D:8      | Reached XP level 10. HP: 70/88 MP: 11/11
  7625 | D:8      | Found a staircase to the Lair.
  7882 | D:8      | Received a gift from Okawaru
  8271 | D:8      | Noticed a rust devil
  8334 | D:8      | Noticed a cyan ugly thing
  8336 | D:8      | Noticed a two-headed ogre
  8357 | D:8      | Killed a cyan ugly thing
  8358 | D:8      | Reached skill level 10 in Shields
  8366 | D:8      | Killed a two-headed ogre
  8366 | D:8      | Identified the +12 dire flail "Tuxa" {antimagic, rC+}
                  | (Okawaru gifted it to you on level 8 of the Dungeon)
  8366 | D:8      | Received a gift from Okawaru
  8387 | D:8      | Noticed a skeletal warrior
  8469 | D:8      | Noticed a manticore
  8481 | D:8      | Killed a manticore
  8482 | D:8      | Reached XP level 11. HP: 35/94 MP: 2/13
  8486 | D:8      | Reached skill level 5 in Invocations
  8733 | D:8      | Killed a skeletal warrior
  9121 | D:9      | Reached skill level 1 in Evocations
  9222 | D:9      | Noticed a two-headed ogre
  9232 | D:9      | Killed a two-headed ogre
  9249 | D:9      | Found a staircase to the Orcish Mines.
  9306 | D:9      | Reached ****** piety under Okawaru
  9574 | D:9      | Reached skill level 5 in Evocations
  9577 | D:9      | Received a gift from Okawaru
  9802 | D:10     | Entered Level 10 of the Dungeon
  9892 | D:10     | Identified the +4 plate armour "Cyquh" {Int+4}
  9922 | D:10     | Noticed an obsidian statue
  9947 | D:10     | Noticed a sun demon
  9947 | D:10     | Killed an obsidian statue
 10085 | D:10     | Found the +8 longbow "Zephyr" {speed, Dex+3 SInv}
 11054 | D:10     | Noticed a two-headed ogre
 11061 | D:10     | Killed a two-headed ogre
 11062 | D:10     | Reached skill level 3 in Bows
 11252 | D:11     | Reached skill level 4 in Bows
 11316 | D:11     | Reached skill level 5 in Bows
 11481 | D:11     | Reached skill level 6 in Bows
 11481 | D:11     | Reached XP level 12. HP: 76/101 MP: 15/15
 11564 | D:11     | Noticed a two-headed ogre
 11572 | D:11     | Killed a two-headed ogre
 11933 | D:12     | Found Porexowk's Assorted Antiques.
 11943 | D:12     | Reached skill level 7 in Bows
 11966 | D:12     | Noticed a seven-headed hydra
 11974 | D:12     | Killed a seven-headed hydra
 12023 | D:12     | Noticed a two-headed ogre
 12037 | D:12     | Received a gift from Okawaru
 12038 | D:12     | Reached skill level 8 in Bows
 12057 | D:12     | Killed a two-headed ogre
 12081 | D:12     | Found a frozen archway.
 12090 | IceCv    | Entered an ice cave
 12099 | IceCv    | Received a gift from Okawaru
 12131 | IceCv    | Reached skill level 9 in Bows
 12402 | IceCv    | Received a gift from Okawaru
 12403 | IceCv    | Reached skill level 10 in Bows
 13069 | D:12     | Reached skill level 11 in Bows
 13155 | D:12     | Identified a scroll of acquirement
 13155 | D:12     | Acquired a +2 plate armour of willpower
 13575 | D:13     | Reached skill level 12 in Bows
 13599 | D:13     | Noticed a two-headed ogre
 13605 | D:13     | Killed a two-headed ogre
 13910 | D:13     | Found a portal to a secret trove of treasure.
 13961 | D:13     | Noticed Rupert
 14056 | D:13     | Received a gift from Okawaru
 14057 | D:13     | Reached XP level 13. HP: 85/107 MP: 16/16
 14066 | D:13     | Paralysed by Rupert for 4 turns
 14124 | D:14     | Found Lafet's Assorted Antiques.
 14137 | D:14     | Bought a pair of glowing boots for 172 gold pieces
 14137 | D:14     | Bought a scroll of magic mapping for 80 gold pieces
 14137 | D:14     | Bought 2 scrolls of teleportation for 138 gold pieces
 14137 | D:14     | Bought a potion of curing for 69 gold pieces
 14167 | D:14     | Reached skill level 13 in Bows
 14836 | D:14     | Reached skill level 14 in Bows
 14870 | D:14     | Found a gate to the Vaults.
 15223 | D:14     | You fall into a shaft and drop 1 floor!
 15223 | D:15     | Entered Level 15 of the Dungeon
 15603 | D:15     | Received a gift from Okawaru
 15667 | D:15     | Reached skill level 15 in Bows
 15681 | D:15     | Received a gift from Okawaru
 15866 | D:15     | Found a basalt altar of Yredelemnul.
 15996 | D:15     | Reached skill level 16 in Bows
 15997 | D:15     | Found a staircase to the Depths.
 16475 | Depths:1 | Entered Level 1 of the Depths
 16475 | Depths:1 | Noticed a stone giant
 16475 | Depths:1 | Noticed a green very ugly thing
 16477 | Depths:1 | Noticed a green very ugly thing
 16477 | Depths:1 | Noticed a green very ugly thing
 16477 | Depths:1 | Noticed a green very ugly thing
 16490 | D:15     | Killed a stone giant
 16500 | D:15     | Killed a green very ugly thing
 16501 | D:15     | Reached XP level 14. HP: 50/115 MP: 11/17
 16877 | D:15     | Killed a cyan very ugly thing
 16890 | D:15     | Killed a green very ugly thing
 16925 | D:15     | Killed a red very ugly thing
 16925 | D:15     | Received a gift from Okawaru
 16926 | D:15     | Reached skill level 17 in Bows
 16988 | Depths:1 | Received a gift from Okawaru
 17122 | Depths:1 | Noticed a frost giant
 17122 | Depths:1 | Noticed a white very ugly thing
 17122 | Depths:1 | Noticed a white very ugly thing
 17122 | Depths:1 | Noticed a white very ugly thing
 17162 | Depths:1 | Killed a frost giant
 17169 | Depths:1 | Killed a white very ugly thing
 17170 | Depths:1 | Reached skill level 18 in Bows
 17178 | Depths:1 | Killed a cyan very ugly thing
 17185 | Depths:1 | Killed a white very ugly thing
 17185 | Depths:1 | Received a gift from Okawaru
 17228 | Depths:1 | Noticed a stone giant
 17243 | Depths:1 | Killed a stone giant
 17343 | Depths:1 | Noticed a spriggan defender
 17350 | Depths:1 | Noticed a spriggan defender
 17351 | Depths:1 | Killed a spriggan defender
 17351 | Depths:1 | Received a gift from Okawaru
 17356 | Depths:1 | Killed a spriggan defender
 17356 | Depths:1 | Received a gift from Okawaru
 17367 | Depths:1 | Noticed a frost giant
 17439 | Depths:1 | Killed a frost giant
 17479 | Depths:1 | Noticed a fire giant
 17505 | Depths:1 | Reached skill level 19 in Bows
 17508 | Depths:1 | Found a sacrificial altar of Ru.
 17518 | Depths:1 | Killed a fire giant
 17518 | Depths:1 | Received a gift from Okawaru
 17520 | Depths:1 | Noticed a stone giant
 17521 | Depths:1 | Noticed the Enchantress
 17656 | Depths:1 | Noticed a spriggan defender
 17659 | Depths:1 | Found a gateway to Hell.
 17667 | Depths:1 | Noticed Bai Suzhen
 17708 | Depths:1 | Killed Bai Suzhen
 17720 | Depths:1 | Noticed a fire giant
 17735 | Depths:1 | Killed a fire giant
 17735 | Depths:1 | Received a gift from Okawaru
 17907 | Depths:1 | Reached XP level 15. HP: 121/121 MP: 18/18
 17931 | Depths:1 | Noticed a lich
 17942 | Depths:1 | Killed a lich
 17984 | Depths:1 | Reached skill level 20 in Bows
 18352 | Depths:1 | Received a gift from Okawaru
 18387 | Depths:1 | Identified the +9 morningstar of Mastery {pain, Str+5
                  | Dex+6} (Okawaru gifted it to you on level 1 of the Depths)
 18387 | Depths:1 | Received a gift from Okawaru
 18440 | Depths:1 | Found a one-way gate to the infinite horrors of the Abyss.
 18440 | Depths:1 | Found a bloodstained altar of Trog.
 18442 | Depths:1 | Found a radiant altar of Vehumet.
 18444 | Depths:1 | Found a stormy altar of Qazlal.
 18444 | Depths:1 | Found a stormy altar of Qazlal.
 18444 | Depths:1 | Found a shimmering altar of Xom.
 18482 | Depths:2 | Noticed a fire giant
 18490 | Depths:2 | Killed from afar by a fire giant

Illustrated notes

Levels and vault maps discovered:
D:1:      sevenhm_arrival_forest_fort_small_6, layout_loops_corners,
          dreamdust_ecumenical_altar_angels_and_demons
D:2:      layout_rooms, st_stairs_10, minmay_cut_off
D:3:      layout_basic, kennysheep_generic_room_7, uniq_terence
D:4:      layout_basic, chequers_serial_rivers_micro_c, chequers_garden,
          minivault_25, chequers_serial_rivers_room_b
D:5:      layout_rooms, nicolae_elyvilon_temple_path, minmay_temple_entry_glass,
          gup_sewer_entry_spiral, uniq_prince_ribbit1, uniq_grinder
D:6:      layout_rooms
D:7:      layout_layer_cave, ebering_ghost_gozag
D:8:      nzn_winding_woodlands_three_and_one [nzn_winding_woodlands_5x15_eye,
          nzn_winding_woodlands_5x15_pathside_ponds,
          nzn_winding_woodlands_5x15_jagged,
          nzn_winding_woodlands_center_pierced_h], layout_basic,
          due_lair_maze_entry_diamond
D:9:      layout_roguey, minmay_orc_entry_guard_dogs, kennysheep_minor_cross,
          minmay_holes, lightli_orcish_oven
D:10:     minmay_separated_statues, layout_basic
D:11:     layout_roguey
D:12:     layout_basic, serial_shops, nicolae_shop_trees,
          portal_ice_cave_entry_pillars_1, serial_bayou_pond_a
D:13:     layout_roguey, nicolae_trove_entry_path_of_doom,
          pdpol_wu_jian_five_deadly_venoms, uniq_rupert
D:14:     layout_loops_ring, david_vaults_5, nicolae_benzene_ring, serial_shops,
          shop, blue_anna_alchemist
D:15:     gammafunk_depths_entry_grave, layout_long_grid,
          yredelemnul_altar_generic
Temple:   nicolae_temple_the_god_donut
Depths:1: layout_roguey, doesnt_xom_only_xom, pf_hell_entry_great_geh,
          abyss_entry, slow_altar_1, uniq_bai_suzhen, uniq_enchantress
Depths:2: hangedman_screamer, layout_gridville, minmay_staircase_windowed_large,
          grunt_mini_vestibule, serial_bayou_shore_b

Skill      XL: |  1  2  3  4  5  6  7  8  9 10 11 12 13 14 15 |
---------------+----------------------------------------------+-----
Fighting       | 4 5 6 8 9 |  9.9
Armour         | 1 5 6 |  6.7
Invocations    | 2 3 4 6 |  6.0
Shields        | 2 4 7 10 | 10.0
Maces & Flails | 8 11 13 14 | 14.2
Evocations     | 5 |  5.3
Bows           | 6 12 16 19 20 | 20.0
Dodging        | |  3.2
Stealth        | |  1.5

Action                   |  1- 3 |  4- 6 |  7- 9 | 10-12 | 13-15 || total
-------------------------+-------+-------+-------+-------+-------++-------
Melee: Mace              |     9 |       |       |       |       ||     9
       Dagger            |    55 |   115 |   246 |       |       ||   416
       Headbutt          |     7 |    15 |    74 |    67 |       ||   163
       Morningstar       |       |       |   110 |   165 |       ||   275
       Dire flail        |       |       |       |   114 |     7 ||   121
       Punch             |       |       |       |     2 |       ||     2
       Great mace        |       |       |       |    96 |       ||    96
 Fire: Longbow           |       |       |       |   307 |   694 ||  1001
Throw: Dart              |       |     4 |     6 |     4 |       ||    14
       Throwing net      |       |       |     1 |       |       ||     1
Invok: Heroism           |       |       |     1 |     9 |    10 ||    20
       Finesse           |       |       |       |       |     4 ||     4
Evoke: Condenser vane    |       |       |       |       |     1 ||     1
       Phial of floods   |       |       |       |       |     1 ||     1
  Use: Scroll            |     1 |     4 |    11 |    15 |     5 ||    36
       Potion            |       |     2 |     1 |     2 |     3 ||     8
 Stab: Sleeping          |     2 |     1 |       |       |       ||     3
       Distracted        |       |       |       |     1 |       ||     1
Armor: Robe              |    10 |     4 |       |       |       ||    14
       Ring mail         |       |    10 |       |       |       ||    10
       Scale mail        |       |    16 |   176 |       |       ||   192
       Chain mail        |       |       |    11 |    66 |       ||    77
       Plate armour      |       |       |       |   189 |   150 ||   339
       Skin              |       |       |       |    12 |       ||    12
Dodge: Dodged            |    46 |    63 |   203 |   142 |    52 ||   506
